SA
KENNESAW JETS @ CONNETQUOT CHIEFS
09/03/2032
 
TOP OF THE 1ST
Kennesaw Jets batting - Pitching for Connetquot Chiefs : RHP Bo Reid
Pitching: RHP Bo Reid
Batting: RHB Jason Hopdown 0-0: Called Strike
0-1: Ball
1-1: Foul Ball, location: 2F
1-2: Ground out 4-3 (Groundball, 4)
Batting: RHB Juan Herrera 0-0: Swinging Strike
0-1: Ball
1-1: Fly out, F4 (Line Drive, 4)
Batting: RHB Walt Miller 0-0: Swinging Strike
0-1: Ground out U3 (Groundball, 34)
Top of the 1st over - 0 runs, 0 hits, 0 errors, 0 left on base; Kennesaw 0 - Connetquot 0
BOTTOM OF THE 1ST
Connetquot Chiefs batting - Pitching for Kennesaw Jets : LHP Shunsho Mizuno
Pitching: LHP Shunsho Mizuno
Batting: RHB Jesús Jaramillo 0-0: Ball
1-0: Ball
2-0: Called Strike
2-1: Ground out 5-3 (Groundball, 56S)
Batting: RHB Domingo Morín 0-0: Called Strike
0-1: Ball
1-1: Foul Ball, location: 2F
1-2: Ball
2-2: Ball
3-2: Foul Ball, location: 2F
3-2: Base on Balls
Batting: LHB Divine Diablo 0-0: Foul Ball, location: 2F
0-1: TRIPLE (Flyball, 89XD)
Domingo Morín scores
Batting: RHB Dan Chrzan 0-0: Foul Ball, location: 2F
0-1: Ball
1-1: Ground out 4-3 (Groundball, 4M)
Divine Diablo scores
Batting: LHB Jackson Curry 0-0: Ball
1-0: Fly out, F4 (Line Drive, 34)
Bottom of the 1st over - 2 runs, 1 hit, 0 errors, 0 left on base; Kennesaw 0 - Connetquot 2
TOP OF THE 2ND
Kennesaw Jets batting - Pitching for Connetquot Chiefs : RHP Bo Reid
Batting: RHB António Ortíz 0-0: Foul Ball, location: 2F
0-1: Ball
1-1: Swinging Strike
1-2: Foul Ball, location: 2F
1-2: Foul Ball, location: 2F
1-2: Ball
2-2: Foul Ball, location: 2F
2-2: Ball
3-2: Strikes out swinging
Batting: LHB Sandor Addicks 0-0: Foul Ball, location: 2F
0-1: Ground out U3 (Groundball, 3)
Batting: RHB Andy Holder 0-0: SINGLE (Groundball, 25) (infield hit)
Batting: SHB Joam Francia 0-0: Ball
1-0: Called Strike
1-1: DOUBLE (Line Drive, 89XD)
Andy Holder to third
Runner from 3rd tries for Home, SAFE, no throw
Batting: RHB Alain Grosjean 0-0: DOUBLE (Line Drive, 8RD)
Joam Francia scores
Batting: RHB Maurice Tremain 0-0: Swinging Strike
0-1: Ball
1-1: Swinging Strike
1-2: SINGLE (Groundball, 34D)
Alain Grosjean to third
Runner from 3rd tries for Home, SAFE, no throw
Batting: RHB Jason Hopdown 0-0: Called Strike
0-1: Foul Ball, location: 2F
0-2: Strikes out swinging
Top of the 2nd over - 3 runs, 4 hits, 0 errors, 1 left on base; Kennesaw 3 - Connetquot 2
BOTTOM OF THE 2ND
Connetquot Chiefs batting - Pitching for Kennesaw Jets : LHP Shunsho Mizuno
Batting: RHB Héctor Amaya 0-0: Called Strike
0-1: Called Strike
0-2: Ball
1-2: Ball
2-2: Ground out 6-3 (Groundball, 6)
Batting: LHB Jurg Ursin 0-0: Called Strike
0-1: Ball
1-1: DOUBLE (Groundball, 5L)
Batting: RHB Javier De La Garza 0-0: Ball
1-0: Foul Ball, location: 2F
1-1: Swinging Strike
1-2: Strikes out swinging
Batting: LHB Brad Mosley 0-0: Called Strike
0-1: SINGLE (Line Drive, 6MD)
Jurg Ursin to third
Runner from 3rd tries for Home, throw and OUT!
Bottom of the 2nd over - 0 runs, 2 hits, 0 errors, 1 left on base; Kennesaw 3 - Connetquot 2
TOP OF THE 3RD
Kennesaw Jets batting - Pitching for Connetquot Chiefs : RHP Bo Reid
Batting: RHB Juan Herrera 0-0: Ball
1-0: Ball
2-0: Ball
3-0: Base on Balls
Batting: RHB Walt Miller 0-0: Ball
1-0: Called Strike
1-1: Called Strike
1-2: Ball
2-2: Strikes out swinging
Batting: RHB António Ortíz 0-0: Called Strike
0-1: Ball
1-1: Ball
2-1: Reached on error, E3 (Groundball, 3)
Juan Herrera to second
Batting: LHB Sandor Addicks 0-0: Ball
1-0: Swinging Strike
1-1: Swinging Strike
1-2: Ball
2-2: Strikes out looking
Batting: RHB Andy Holder 0-0: Ball
1-0: Ball
2-0: Swinging Strike
2-1: Swinging Strike
2-2: Foul Ball, location: 2F
2-2: Foul Ball, location: 2F
2-2: Foul Ball, location: 2F
2-2: Ball
3-2: Base on Balls
Juan Herrera to third
António Ortíz to second
Batting: SHB Joam Francia 0-0: Ball
1-0: Ball
2-0: Ball
3-0: Base on Balls
Juan Herrera scores
António Ortíz to third
Andy Holder to second
Batting: RHB Alain Grosjean 0-0: Ball
1-0: Called Strike
1-1: Fielders Choice at 2nd, 6-4 (Groundball, 6)
Top of the 3rd over - 1 run, 0 hits, 1 error, 3 left on base; Kennesaw 4 - Connetquot 2
BOTTOM OF THE 3RD
Connetquot Chiefs batting - Pitching for Kennesaw Jets : LHP Shunsho Mizuno
Batting: RHB Jesús Jaramillo 0-0: Bunt for hit - play at first, batter OUT! 5-3
Batting: RHB Domingo Morín 0-0: Ball
1-0: Called Strike
1-1: Fly out, F7 (Flyball, 7LDF)
Batting: LHB Divine Diablo 0-0: Called Strike
0-1: Swinging Strike
0-2: Ground out 4-3 (Groundball, 4S)
Bottom of the 3rd over - 0 runs, 0 hits, 0 errors, 0 left on base; Kennesaw 4 - Connetquot 2
TOP OF THE 4TH
Kennesaw Jets batting - Pitching for Connetquot Chiefs : RHP Bo Reid
Batting: RHB Maurice Tremain 0-0: Ball
1-0: Ball
2-0: Ball
3-0: Called Strike
3-1: SINGLE (Flyball, 78S)
Batting: RHB Jason Hopdown 0-0: Grounds into double play, 6-4-3 (Groundball, 6)
Batting: RHB Juan Herrera 0-0: Ball
1-0: Ball
2-0: Ball
3-0: Called Strike
3-1: Swinging Strike
3-2: Strikes out looking
Top of the 4th over - 0 runs, 1 hit, 0 errors, 0 left on base; Kennesaw 4 - Connetquot 2
BOTTOM OF THE 4TH
Connetquot Chiefs batting - Pitching for Kennesaw Jets : LHP Shunsho Mizuno
Batting: RHB Dan Chrzan 0-0: Ball
1-0: Called Strike
1-1: Ball
2-1: Ground out 6-3 (Groundball, 6M)
Batting: LHB Jackson Curry 0-0: Called Strike
0-1: Called Strike
0-2: Ground out U3 (Groundball, 34S)
Batting: RHB Héctor Amaya 0-0: Called Strike
0-1: Ball
1-1: Called Strike
1-2: Strikes out looking
Bottom of the 4th over - 0 runs, 0 hits, 0 errors, 0 left on base; Kennesaw 4 - Connetquot 2
TOP OF THE 5TH
Kennesaw Jets batting - Pitching for Connetquot Chiefs : RHP Bo Reid
Batting: RHB Walt Miller 0-0: Hit by Pitch
Batting: RHB António Ortíz 0-0: Called Strike
0-1: Ball
1-1: Ball
2-1: Swinging Strike
2-2: Foul Ball, location: 2F
2-2: Foul Ball, location: 2F
2-2: Foul Ball, location: 2F
2-2: Strikes out swinging
Batting: LHB Sandor Addicks 0-0: Ball
Walt Miller steals 2nd base
1-0: Called Strike
1-1: Ball
2-1: Foul Ball, location: 2F
2-2: Ground out 4-3 (Groundball, 4)
Walt Miller to third
Batting: RHB Andy Holder 0-0: Ball
1-0: Ball
2-0: Called Strike
2-1: Called Strike
2-2: Foul Ball, location: 2F
2-2: Strikes out swinging
Top of the 5th over - 0 runs, 0 hits, 0 errors, 1 left on base; Kennesaw 4 - Connetquot 2
BOTTOM OF THE 5TH
Connetquot Chiefs batting - Pitching for Kennesaw Jets : LHP Shunsho Mizuno
Batting: LHB Jurg Ursin 0-0: Ball
1-0: Swinging Strike
1-1: Ball
2-1: Swinging Strike
2-2: SINGLE (Flyball, 9LS)
Batting: RHB Javier De La Garza 0-0: Ball
1-0: Foul Ball, location: 2F
1-1: Bunted foul
1-2: Foul Ball, location: 2F
1-2: Ball
2-2: Ball
3-2: Fly out, F9 (Flyball, 9LS)
Batting: LHB Brad Mosley 0-0: Foul Ball, location: 2F
0-1: Ball
1-1: Fly out, F7 (Flyball, 7S)
Batting: RHB Jesús Jaramillo 0-0: Swinging Strike
0-1: Ball
1-1: Ball
2-1: Ground out U3 (Groundball, 34S)
Bottom of the 5th over - 0 runs, 1 hit, 0 errors, 1 left on base; Kennesaw 4 - Connetquot 2
TOP OF THE 6TH
Kennesaw Jets batting - Pitching for Connetquot Chiefs : RHP Bo Reid
Batting: SHB Joam Francia 0-0: Called Strike
0-1: Ball
1-1: Ball
2-1: Foul Ball, location: 2F
2-2: Foul Ball, location: 2F
2-2: Ball
3-2: Foul Ball, location: 2F
3-2: Foul Ball, location: 2F
3-2: SINGLE (Groundball, 4MD)
Pitching: RHP Russ Rogers
Batting: RHB Alain Grosjean 0-0: Foul Ball, location: 2F
0-1: Called Strike
0-2: Foul Ball, location: 2F
0-2: Foul Ball, location: 2F
0-2: Grounds into double play, 4-6-3 (Groundball, 4)
Batting: RHB Maurice Tremain 0-0: Foul Ball, location: 2F
0-1: Ball
1-1: Foul Ball, location: 2F
1-2: Strikes out looking
Top of the 6th over - 0 runs, 1 hit, 0 errors, 0 left on base; Kennesaw 4 - Connetquot 2
BOTTOM OF THE 6TH
Connetquot Chiefs batting - Pitching for Kennesaw Jets : LHP Shunsho Mizuno
Batting: RHB Domingo Morín 0-0: Called Strike
0-1: Ball
1-1: Ball
2-1: Foul Ball, location: 2F
2-2: Ground out 6-3 (Groundball, 6)
Batting: LHB Divine Diablo 0-0: Swinging Strike
0-1: SINGLE (Groundball, 6MD)
Batting: RHB Dan Chrzan 0-0: Swinging Strike
0-1: Ball
1-1: Swinging Strike
1-2: Ball
2-2: Strikes out swinging
Batting: LHB Jackson Curry 0-0: Foul Ball, location: 2F
0-1: Ball
1-1: Swinging Strike
1-2: Ball
2-2: Strikes out swinging
Bottom of the 6th over - 0 runs, 1 hit, 0 errors, 1 left on base; Kennesaw 4 - Connetquot 2
TOP OF THE 7TH
Kennesaw Jets batting - Pitching for Connetquot Chiefs : RHP Russ Rogers
Batting: RHB Jason Hopdown 0-0: Called Strike
0-1: Ball
1-1: Ball
2-1: Swinging Strike
2-2: Fly out, F7 (Flyball, 7S)
Batting: RHB Juan Herrera 0-0: Ball
1-0: Called Strike
1-1: Ball
2-1: Swinging Strike
2-2: Strikes out swinging
Batting: RHB Walt Miller 0-0: Ball
1-0: Called Strike
1-1: Ball
2-1: SINGLE (Flyball, 8LS)
Batting: RHB António Ortíz 0-0: Called Strike
0-1: Ball
1-1: Ball
2-1: Called Strike
2-2: Ball
3-2: Foul Ball, location: 2F
3-2: Base on Balls
Walt Miller to second
Pitching: RHP Chris Thomason
Batting: LHB Sandor Addicks 0-0: Called Strike
0-1: Ball
1-1: Ball
2-1: Called Strike
2-2: Foul Ball, location: 2F
2-2: Foul Ball, location: 2F
2-2: Strikes out swinging
Top of the 7th over - 0 runs, 1 hit, 0 errors, 2 left on base; Kennesaw 4 - Connetquot 2
BOTTOM OF THE 7TH
Connetquot Chiefs batting - Pitching for Kennesaw Jets : LHP Shunsho Mizuno
Batting: RHB Héctor Amaya 0-0: Foul Ball, location: 2F
0-1: Foul Ball, location: 2F
0-2: SINGLE (Groundball, 34D)
Batting: LHB Jurg Ursin 0-0: Bunted foul
0-1: Bunted foul
0-2: Ball
1-2: Fly out, F8 (Flyball, 8RXD)
Batting: RHB Javier De La Garza 0-0: Ball
1-0: Foul Ball, location: 2F
1-1: Foul Ball, location: 2F
1-2: Fielders Choice at 2nd, 6-4 (Groundball, 6M)
Batting: LHB Brad Mosley 0-0: Ball
1-0: Called Strike
1-1: Single, Error in OF, E9, batter to second base
Javier De La Garza to third
Pinch Hitting: LHB Ángel Ríos 0-0: Called Strike
0-1: Ball
1-1: Ball
2-1: Ball
3-1: Base on Balls
Batting: RHB Domingo Morín 0-0: Called Strike
0-1: Foul Ball, location: 2F
0-2: Ball
1-2: Strikes out swinging
Bottom of the 7th over - 0 runs, 2 hits, 1 error, 3 left on base; Kennesaw 4 - Connetquot 2
TOP OF THE 8TH
Kennesaw Jets batting - Pitching for Connetquot Chiefs : RHP Chris Thomason
Pitching: LHP Kade Kinnamon
Now at SS: Roberto Valle
Batting: RHB Andy Holder 0-0: Ball
1-0: Ball
2-0: Called Strike
2-1: Called Strike
2-2: Ground out 6-3 (Groundball, 56D)
Batting: SHB Joam Francia 0-0: Swinging Strike
0-1: Ball
1-1: Swinging Strike
1-2: Fly out, F9 (Flyball, 9LS)
Batting: RHB Alain Grosjean 0-0: Ground out 6-3 (Groundball, 6)
Top of the 8th over - 0 runs, 0 hits, 0 errors, 0 left on base; Kennesaw 4 - Connetquot 2
BOTTOM OF THE 8TH
Connetquot Chiefs batting - Pitching for Kennesaw Jets : LHP Shunsho Mizuno
Pitching: RHP Júlio Enríquez
Batting: LHB Divine Diablo 0-0: Called Strike
0-1: Ball
1-1: Foul Ball, location: 2F
1-2: Strikes out swinging
Batting: RHB Dan Chrzan 0-0: Foul Ball, location: 2F
0-1: Ball
1-1: Ball
2-1: DOUBLE (Line Drive, 7D)
Batting: LHB Jackson Curry 0-0: Ball
1-0: Called Strike
1-1: Fly out, F9 (Flyball, 9LS)
Batting: RHB Héctor Amaya 0-0: Called Strike
0-1: Called Strike
0-2: Ball
1-2: Strikes out swinging
Bottom of the 8th over - 0 runs, 1 hit, 0 errors, 1 left on base; Kennesaw 4 - Connetquot 2
TOP OF THE 9TH
Kennesaw Jets batting - Pitching for Connetquot Chiefs : LHP Kade Kinnamon
Batting: RHB Maurice Tremain 0-0: Ball
1-0: Ball
2-0: Fly out, F7 (Flyball, 78S)
Batting: RHB Jason Hopdown 0-0: Ball
1-0: Ball
2-0: Foul Ball, location: 2F
2-1: Swinging Strike
2-2: Strikes out swinging
Batting: RHB Juan Herrera 0-0: Ball
1-0: Swinging Strike
1-1: Fly out, F8 (Line Drive, 8LM)
Top of the 9th over - 0 runs, 0 hits, 0 errors, 0 left on base; Kennesaw 4 - Connetquot 2
BOTTOM OF THE 9TH
Connetquot Chiefs batting - Pitching for Kennesaw Jets : RHP Júlio Enríquez
Pitching: RHP Bill Tench
Batting: LHB Jurg Ursin 0-0: Ball
1-0: Swinging Strike
1-1: Foul Ball, location: 2F
1-2: Strikes out looking
Batting: RHB Javier De La Garza 0-0: Ball
1-0: Ball
2-0: Called Strike
2-1: Foul Ball, location: 2F
2-2: Foul Ball, location: 2F
2-2: Ball
3-2: Fly out, F8 (Flyball, 8LM)
Batting: LHB Brad Mosley 0-0: Ground out 4-3 (Groundball, 4)
Bottom of the 9th over - 0 runs, 0 hits, 0 errors, 0 left on base; Kennesaw 4 - Connetquot 2
Wednesday, September 19th, 2018 - OOTP Baseball 18.8 Build 76